 Dungeon Crawl Stone Soup version 0.28-a0-1199-gef9e1dbd39 (webtiles) character file.

Game seed: 8171188400410460708

1627 sanka the Carver (level 8, -8/69 HPs)
             Began as a Palentonga Fighter on Dec 19, 2021.
             Was an Initiate of Ru.
             Mangled by Joseph (16 damage)
             ... on level 7 of the Dungeon.
             The game lasted 00:08:21 (5768 turns).

sanka the Carver (Palentonga Fighter)               Turns: 5768, Time: 00:08:22

Health: -8/69      AC: 17    Str: 23    XL:     8   Next: 65%
Magic:  17/17      EV:  7    Int:  8    God:    Ru [......]
Gold:   400        SH:  9    Dex:  9    Spells: 7/7 levels left

rFire   + . .      SeeInvis +   a - +0 long sword
rCold   . . .      Faith    .   c - +0 buckler
rNeg    . . .      Spirit   .   b - +1 scale mail
rPois   .          Reflect  +   h - +2 helmet
rElec   .          Harm     .   (no cloak)
rCorr   .          Rampage  .   (no gloves)
Will    .....                   (no barding)
Stlth   ..........              t - amulet of reflection
HPRegen 0.21/turn               v - ring of magical power
MPRegen 0.15/turn               x - ring of protection from fire

@: mighty, curled up
A: large, rugged brown scales 3, see invisible, deformed body, roll 1, armoured
tail, reflexive curl
a: Rolling Charge, Renounce Religion


You were on level 7 of the Dungeon.
You worshipped Ru.
Ru was noncommittal.
You visited 2 branches of the dungeon, and saw 8 of its levels.

You collected 400 gold pieces.


Innate Abilities, Weirdness & Mutations

You are completely covered in rugged brown scales. (AC +3, +7% HP)
You have supernaturally acute eyesight. (SInv)
Armour fits poorly on your strangely shaped body.
You can roll at nearby foes to attack.
You have a long armoured tail.
You curl defensively after being hit. (AC +7*)


   Skills:
 + Level 6.4 Fighting
 - Level 9.0 Long Blades
 + Level 3.1 Armour
 + Level 3.1 Shields


You had 7 spell levels left.
You didn't know any spells.
Your spell library contained the following spells:

 Spells                   Type           Power      Damage    Failure   Level
 Sublimation of Blood     Necr           0%         N/A       86%         2
 Petrify                  Tmut/Erth      0%         N/A       100%        4
 Irradiate                Conj/Tmut      0%         3d14      100%        5

Inventory:

Hand Weapons
 a - a +0 long sword (weapon)
 y - a +2 mace of venom
Armour
 b - a +1 scale mail (worn)
 c - a +0 buckler (worn)
 h - a +2 helmet (worn)
Jewellery
 f - a +6 ring of intelligence
 t - an amulet of reflection (around neck)
 v - a ring of magical power (left hand)
 x - a ring of protection from fire (right hand)
 B - an amulet of regeneration
 E - a ring of protection from cold
Wands
 k - a wand of polymorph (10)
 w - a wand of acid (20)
Scrolls
 g - a scroll of magic mapping {unknown}
 i - a scroll of enchant weapon {unknown}
 j - a scroll of noise {unknown}
 l - 2 scrolls of enchant armour
 m - a scroll of amnesia
 n - a scroll of fog {unknown}
 o - 2 scrolls of fear {unknown}
 p - 2 scrolls of teleportation {@r4}
 u - 2 scrolls of vulnerability {!r}
Potions
 d - 2 potions of might
 e - 3 potions of lignification {unknown}
 q - a potion of resistance {unknown}
 r - a potion of magic {unknown}
 s - 2 potions of curing {unknown}
 z - a potion of experience {unknown}
 A - a potion of flight {unknown}
 C - a potion of attraction {unknown}
 D - a potion of cancellation {unknown}

Dungeon Overview and Level Annotations

Branches:
Dungeon (7/15)             Temple (1/1) D:6

Altars:
Ashenzari
Cheibriados
Dithmenos
Elyvilon
Fedhas
Gozag
Hepliaklqana
Nemelex Xobeh
Qazlal
Ru
Sif Muna
Trog
Uskayaw
Wu Jian
Xom
Yredelemnul
Zin
The Shining One

Annotations:
D:5 1 runed translucent door, Blork the orc, Crazy Yiuf
D:6 glass cage
D:7 Joseph

..........▒ ....................▒
....................▒▒▒
...........▒▒.........▒▒
....................▒▒...........
....................▒▒.........▒▒
....................▒▒.........▒▒
.................................
..........[....@H.....?.▒▒▒▒▒▒▒.▒
.[......................▒ ▒.▒
.>......................▒ ▒..
....)†..................▒ ▒▒▒
........................▒
..............).........▒
....................▒▒▒▒▒
.........<..........▒
.................


You could see Joseph.


Message History

* * * LOW HITPOINT WARNING * * *
You roll forward with a clatter of scales!
You slash Joseph!
Joseph is moderately wounded.
Joseph unwields a +0 hunting sling.
Joseph wields a +0 quarterstaff.
Joseph hits you with a +0 quarterstaff!
* * * LOW HITPOINT WARNING * * *
You hit Joseph.
Joseph is moderately wounded.
You block Joseph's attack.
You feel very mighty all of a sudden. Joseph hits you with a +0 quarterstaff!
* * * LOW HITPOINT WARNING * * *
You slash Joseph!
Joseph is heavily wounded.
Joseph zaps a wand.
The puff of flame hits you but does no damage.
You slice Joseph!!
Joseph is almost dead.
Joseph hits you with a +0 quarterstaff.
* * * LOW HITPOINT WARNING * * *
You closely miss Joseph.
Joseph is almost dead.
Joseph hits you with a +0 quarterstaff.
* * * LOW HITPOINT WARNING * * *
You slash Joseph!
Joseph is almost dead.
Joseph hits you with a +0 quarterstaff!
You die...

Action                   |  1- 3 |  4- 6 |  7- 9 || total
-------------------------+-------+-------+-------++-------
Melee: Long sword        |   110 |   121 |   132 ||   363
       Tailslap          |     7 |    18 |    20 ||    45
 Abil: Rolling Charge    |       |     4 |     6 ||    10
  Use: Scroll            |       |     1 |     3 ||     4
       Potion            |       |       |     1 ||     1
Armor: Scale mail        |    51 |    78 |    44 ||   173
Dodge: Dodged            |    32 |    43 |    40 ||   115
Block: Buckler           |    19 |    18 |    40 ||    77
       Reflection        |       |       |     5 ||     5

Levels and vault maps discovered:
D:1:      mrwooster_arrival_statue_2, layout_loops_cross,
          minmay_shallow_snake_nest
D:2:      layout_rooms
D:3:      layout_rooms, amcnicky_altar_gilded, lemuel_doored_altar,
          ebering_ghost_sewer_d, uniq_terence
D:4:      layout_rooms
D:5:      layout_basic, uniq_eustachio, uniq_crazy_yiuf_cottage,
          uniq_blork_the_orc
D:6:      layout_rooms, elyvilon_altar_3, temple_doors_cd, serial_rivers,
          chequers_serial_rivers_small_b, chequers_serial_rivers_large_b,
          chequers_serial_rivers_micro_d, chequers_serial_rivers_micro_a,
          due_unseen_surprise
D:7:      layout_basic, mainiacjoe_overflow_large_starburst,
          overflow_temple_1_default, ebering_ghost_disaster_area, serial_shops,
          nicolae_shop_window_shopping, kennysheep_small_circle,
          uniq_prince_ribbit1, uniq_joseph
Temple:   cyrus_circular_temple

Notes
Turn   | Place    | Note
-------+----------+-------------------------------------------
     0 | D:1      | sanka the Palentonga Fighter began the quest for the Orb.
     0 | D:1      | Reached XP level 1. HP: 19/19 MP: 1/1
   149 | D:1      | Reached XP level 2. HP: 24/25 MP: 2/2
   211 | D:1      | Reached skill level 3 in Long Blades
   500 | D:1      | Reached XP level 3. HP: 21/31 MP: 3/3
  1087 | D:2      | Reached skill level 4 in Long Blades
  1413 | D:2      | Reached XP level 4. HP: 37/37 MP: 4/4
  1708 | D:3      | Found a hide-covered altar of Uskayaw.
  1725 | D:3      | Noticed Terence
  1735 | D:3      | Killed Terence
  1892 | D:3      | Found a runed translucent door.
  1897 | D:3      | Noticed a bullfrog
  1898 | D:3      | Noticed Yorgos's ghost (amateur DjBe)
  2010 | D:3      | Reached skill level 5 in Long Blades
  2158 | D:3      | Found a stormy altar of Qazlal.
  2222 | D:2      | Killed a bullfrog
  2223 | D:2      | Reached XP level 5. HP: 22/43 MP: 5/5
  2431 | D:3      | Killed Yorgos's ghost
  2432 | D:3      | Reached skill level 6 in Long Blades
  2432 | D:3      | Reached XP level 6. HP: 48/50 MP: 6/6
  2700 | D:4      | Reached skill level 7 in Long Blades
  3077 | D:5      | Entered Level 5 of the Dungeon
  3133 | D:5      | Found a runed translucent door.
  3134 | D:5      | Noticed Crazy Yiuf
  3134 | D:5      | Noticed Blork the orc
  3382 | D:5      | Noticed Eustachio
  3423 | D:5      | Killed Eustachio
  3424 | D:5      | Reached skill level 8 in Long Blades
  3424 | D:5      | Gained mutation: You curl defensively after being hit. (AC
                  | +7*) [Palentonga growth]
  3424 | D:5      | Reached XP level 7. HP: 45/55 MP: 7/7
  4149 | D:6      | Found a white marble altar of Elyvilon.
  4268 | D:6      | Found a staircase to the Ecumenical Temple.
  4314 | Temple   | Entered the Ecumenical Temple
  4403 | D:6      | Reached skill level 9 in Long Blades
  4442 | Temple   | Became a worshipper of Ru the Awakened
  4627 | D:6      | Reached skill level 4 in Fighting
  4918 | D:6      | Reached XP level 8. HP: 50/65 MP: 8/8
  5032 | D:6      | Reached skill level 5 in Fighting
  5223 | D:7      | Noticed Joseph
  5284 | D:7      | Reached skill level 6 in Fighting
  5473 | D:7      | Reached skill level 3 in Armour
  5473 | D:7      | Reached skill level 3 in Shields
  5488 | D:7      | Found an opulent altar of Gozag.
  5493 | D:7      | Found a basalt altar of Yredelemnul.
  5768 | D:7      | Mangled by Joseph

Vanquished Creatures
  Eustachio (D:5)
  A wyvern (D:7)
  The ghost of Yorgos the Slasher, an amateur DjBe of Trog (D:3)
  3 ogres
  A necrophage (D:6)
  A centaur (D:7)
  A phantom (D:7)
  A bullfrog (D:2)
  3 scorpions
  A howler monkey (D:5)
  2 centaur zombies
  A hound (D:6)
  A jelly (D:4)
  An orc priest (D:6)
  A centaur skeleton (D:6)
  Terence (D:3)
  2 orc wizards
  10 adders
  An ufetubus (D:5)
  An adder skeleton (D:2)
  3 dart slugs
  9 orcs
  4 ball pythons
  9 bats
  4 endoplasms
  5 giant cockroaches
  9 goblins
  4 hobgoblins
  6 jackals
  A quokka (D:1)
  A frilled lizard (D:1)
  4 kobolds
  4 rats
98 creatures vanquished.
